 Dungeon Crawl Stone Soup version 0.31-a0-177-g4aa6249778 (webtiles) character file.

Game seed: 7747136648514238118

4106 qw the Cleaver (level 10, -4/63 HPs)
             Began as a Gargoyle Fighter on June 18, 2023.
             Was a Priest of Okawaru.
             Slain by a very large slime creature (54 damage)
             ... on level 8 of the Dungeon.
             The game lasted 00:03:28 (6160 turns).

qw the Cleaver (Gargoyle Fighter)                   Turns: 6160, Time: 00:03:28

Health: -4/63      AC: 25    Str: 36    XL:     10   Next: 26%
Magic:  11/13      EV: 10    Int:  9    God:    Okawaru [***...]
Gold:   435        SH:  6    Dex:  9    Spells: 9/9 levels left

rFire   . . .        Y - +2 war axe
rCold   . . .        c - +0 buckler
rNeg    + . .        p - +0 plate armour
rPois   inf          (no helmet)
rElec   +            (no cloak)
rCorr   .            v - +0 pair of gloves
SInv    .            i - +0 pair of boots
Will    .....        o - amulet of regeneration Stlth
                     e - +6 ring of strength
HPRegen 1.10/turn    m - +6 ring of strength
MPRegen 0.13/turn

%: no passive effects
@: heroic
A: sickness immunity, AC +7, negative energy resistance 1, electricity
resistance, torment resistance 1, petrification resistance
a: Renounce Religion, Heroism


You were on level 8 of the Dungeon.
You worshipped Okawaru.
Okawaru was most pleased with you.
You visited 1 branch of the dungeon, and saw 8 of its levels.
You also visited: Ossuary.

You collected 435 gold pieces.


Innate Abilities, Weirdness & Mutations

You are immune to sickness and miasma.
Your stone body is resilient. (AC +7)
You are immune to poison.
You resist negative energy. (rN+)
You are resistant to electric shocks. (rElec)
You are resistant to unholy torment.
You are immune to petrification.


   Skills:
 + Level 7.6(12.6) Fighting
 - Level 10.1(15.1) Axes
 - Level 1.3(6.3) Throwing
 - Level 6.4(11.4) Armour
 - Level 1.2(6.2) Dodging
 - Level 4.5(9.5) Shields
 - Level 4.1 Invocations


You had 9 spell levels left.
You didn't know any spells.
Your spell library was empty.

Inventory:

Hand Weapons
 t - a +1 morningstar of freezing
 Y - a +2 war axe (weapon)
Missiles
 j - a boomerang (quivered)
Armour
 b - the +2 buckler of Ruun {+Blink rPois rF- Int+2}
   (You acquired it in an ossuary)

   Int:       It affects your intelligence (+2).
   rF:        It makes you vulnerable to fire.
   rPois:     It protects you from poison.
   +Blink:    It lets you blink.
 c - a +0 buckler (worn)
 i - a +0 pair of boots (worn)
 p - a +0 plate armour (worn)
 v - a +0 pair of gloves (worn)
Jewellery
 e - a +6 ring of strength (left hand)
 m - a +6 ring of strength (right hand)
 o - an amulet of regeneration (around neck)
Scrolls
 a - 2 scrolls of identify
Potions
 d - 4 potions of might
 f - 3 potions of curing
 g - 6 potions of attraction
 h - a potion of resistance
 k - a potion of cancellation
 l - a potion of lignification
 n - a potion of enlightenment
 q - 5 potions of haste
 r - a potion of heal wounds
 s - a potion of mutation

Dungeon Overview and Level Annotations

Branches:
Dungeon (8/15)             Temple (0/1) D:7         Ossuary (visited)
   Lair: D:8-11

Altars:
Ashenzari
Fedhas
Gozag
Okawaru
Sif Muna
Uskayaw


Message History

The large slime creature is moderately wounded.
A slime creature comes into view.
You slash the large slime creature!
The large slime creature is heavily wounded.
Two slime creatures merge to form a very large slime creature.
6151 ||| INVOKING Heroism.
You gain the combat prowess of a mighty hero.
A slime creature comes into view.
The very large slime creature hits you.
Two slime creatures merge to form an enormous slime creature.
You barely miss the enormous slime creature.
The enormous slime creature is lightly wounded.
You hit the enormous slime creature.
The enormous slime creature is moderately wounded.
Two slime creatures merge to form a titanic slime creature.
You barely miss the titanic slime creature.
The titanic slime creature is lightly wounded.
You barely miss the titanic slime creature.
The titanic slime creature is lightly wounded.
You slice the titanic slime creature!!
The titanic slime creature is moderately wounded.
A titanic slime creature splits.
You slash the large slime creature!
The large slime creature is moderately wounded.
You hit the very large slime creature but do no damage.
You slash the large slime creature!
The large slime creature is heavily wounded.
You slash the very large slime creature!
The very large slime creature closely misses you.
You block the large slime creature's attack.
You barely miss the large slime creature.
The large slime creature is heavily wounded.
You slash the very large slime creature!
The very large slime creature hits you! The large slime creature hits you.
You hit the large slime creature.
The large slime creature is heavily wounded.
You hit the very large slime creature.
The very large slime creature hits you!!!
Ouch! That really hurt!
You die...

#. #. #####. #. #.....
######. #######.####
...)... ............
....... #######.####
......J############.####
......J@..../......>...#
.......########........#
##."... #........#
#..... #........# #.....
#........# #.....
#........#
#......#######........#
.............#..<.....#
........#........#


You could see a very large slime creature and a large slime creature.

Vanquished Creatures
  Pikel (D:5)
  An ugly thing (D:7)
  Joseph (D:7)
  Maggie (D:7)
  2 hornets (D:7)
  A slime creature (D:7)
  Duvessa (D:7)
  An orc warrior (D:7)
  An ice beast (D:6)
  2 sky beasts (D:7)
  3 ogres
  3 lemures (D:5)
  A kobold brigand (D:4)
  A phantom (D:7)
  3 scorpions
  A bullfrog (D:6)
  A water moccasin zombie (Ossuary)
  Dowan (D:7)
  6 killer bees (D:8)
  A howler monkey (D:7)
  An orc priest (D:7)
  3 hounds
  3 iguanas
  A sleepcap (D:5)
  3 orc wizards
  3 mummies
  A gnoll (D:1)
  9 adders
  2 shadow imps
  2 white imps
  6 adder zombies (Ossuary)
  2 worms
  2 dart slugs (D:4)
  23 orcs
  10 endoplasms
  4 goblins
  9 hobgoblins
  3 quokkas
  6 ball pythons
  7 bats
  3 frilled lizards
  3 gnoll zombies (Ossuary)
  A hobgoblin zombie (Ossuary)
  5 kobolds
  4 kobold zombies (Ossuary)
  6 orc zombies (Ossuary)
  9 rats
164 creatures vanquished.

Notes
Turn   | Place    | Note
-------+----------+-------------------------------------------
     0 | D:1      | qw the Gargoyle Fighter began the quest for the Orb.
     0 | D:1      | Reached XP level 1. HP: 14/14 MP: 1/1
     0 | D:1      | 0 ||| qw: Version: 0.3-a-5-g6f28e65
     0 | D:1      | 0 ||| qw: Game counter: 695
     0 | D:1      | 0 ||| qw: Always use a shield: true
     0 | D:1      | 0 ||| qw: God list: Okawaru
     0 | D:1      | 0 ||| qw: Allow faded altars: false
     0 | D:1      | 0 ||| qw: Do Orc after D:15 true
     0 | D:1      | 0 ||| qw: Do second Lair branch before Depths: true
     0 | D:1      | 0 ||| qw: Lair rune preference: random
     0 | D:1      | 0 ||| qw: Plans: Normal, Zot:1-4, Slime:5, God:TSO, Crypt,
                  | Tomb, Abyss, Pan, Hells, Win
     0 | D:1      | 0 ||| PLANNING D:1-11
    82 | D:1      | Reached skill level 2 in Axes
   367 | D:1      | Reached XP level 2. HP: 19/19 MP: 2/2
   511 | D:1      | 511 ||| Stepping ~*~*~tactically~*~*~ (hiding).
   513 | D:1      | 513 ||| Stepping ~*~*~tactically~*~*~ (hiding).
   626 | D:1      | 626 ||| Stepping ~*~*~tactically~*~*~ (stealth).
   659 | D:1      | Reached skill level 3 in Axes
   675 | D:1      | Reached XP level 3. HP: 23/23 MP: 3/3
   688 | D:1      | 688 ||| Stepping ~*~*~tactically~*~*~ (stealth).
   689 | D:1      | 689 ||| Stepping ~*~*~tactically~*~*~ (stealth).
   691 | D:1      | 691 ||| Stepping ~*~*~tactically~*~*~ (stealth).
  1016 | D:1      | 1016 ||| READING 2 scrolls labelled MERHYLOEMI.
  1017 | D:1      | 1017 ||| READING scroll labelled UBIOD TUCUOWU.
  1020 | D:1      | 1020 ||| READING scroll labelled CAOMOU PYIKHU.
  1021 | D:1      | 1021 ||| READING scroll labelled DUUSESMOSKU.
  1147 | D:2      | Found an opulent altar of Gozag.
  1174 | D:2      | 1174 ||| FLEEEEING.
  1226 | D:2      | 1226 ||| Stepping ~*~*~tactically~*~*~ (stealth).
  1360 | D:2      | Reached XP level 4. HP: 28/28 MP: 4/4
  1726 | D:2      | 1726 ||| UPGRADING to +6 ring of strength.
  1727 | D:2      | 1727 ||| READING scroll labelled HINATHR QESUNOMP.
  1728 | D:2      | 1728 ||| READING scroll labelled LASYARCHEYPT.
  1814 | D:3      | 1814 ||| STAIRDANCE
  1925 | D:3      | Reached skill level 4 in Axes
  2086 | D:3      | 2086 ||| Stepping ~*~*~tactically~*~*~ (stealth).
  2109 | D:3      | 2109 ||| Stepping ~*~*~tactically~*~*~ (stealth).
  2249 | D:3      | 2249 ||| Stepping ~*~*~tactically~*~*~ (hiding).
  2262 | D:3      | Found a broken altar of Ashenzari.
  2303 | D:3      | Reached XP level 5. HP: 23/32 MP: 5/5
  2512 | D:3      | 2512 ||| DROPPING orb of guile.
  2513 | D:3      | 2513 ||| UPGRADING to +0 plate armour.
  2523 | D:3      | 2523 ||| DROPPING +0 scale mail.
  2524 | D:3      | 2524 ||| UPGRADING to amulet of regeneration.
  2529 | D:3      | 2529 ||| READING scroll labelled HATHEZ QEZUSMA.
  2530 | D:3      | 2530 ||| READING scroll labelled CIETAA PILU.
  2631 | D:3      | 2631 ||| DRINKING 2 amethyst potions.
  2632 | D:3      | 2632 ||| DRINKING 2 smoky black potions.
  2655 | D:3      | 2655 ||| DRINKING 2 murky clear potions.
  2656 | D:3      | 2656 ||| READING 2 scrolls of identify.
  2656 | D:3      | 2656 ||| IDENTIFYING sedimented blue potion
  2683 | D:4      | 2683 ||| PLANNING OSSUARY
  2767 | D:4      | 2767 ||| Stepping ~*~*~tactically~*~*~ (stealth).
  2769 | D:4      | 2769 ||| Stepping ~*~*~tactically~*~*~ (hiding).
  2875 | D:4      | 2875 ||| Stepping ~*~*~tactically~*~*~ (stealth).
  2877 | D:4      | 2877 ||| Stepping ~*~*~tactically~*~*~ (stealth).
  2885 | D:4      | Noticed a kobold brigand
  2905 | D:4      | Killed a kobold brigand
  2906 | D:4      | Reached skill level 5 in Axes
  2914 | D:4      | 2914 ||| DROPPING +0 club.
  2937 | D:4      | 2937 ||| Stepping ~*~*~tactically~*~*~ (stealth).
  2938 | D:4      | 2938 ||| Stepping ~*~*~tactically~*~*~ (stealth).
  3003 | D:4      | Found a sand-covered staircase.
  3017 | D:4      | Reached XP level 6. HP: 36/37 MP: 6/6
  3025 | D:4      | 3025 ||| READING 2 scrolls labelled DUAMIQ ULISU.
  3026 | D:4      | 3026 ||| READING scroll of enchant weapon.
  3026 | D:4      | 3026 ||| ENCHANTING +1 war axe.
  3032 | Ossuary  | Entered an ossuary
  3148 | Ossuary  | Reached skill level 6 in Axes
  3180 | Ossuary  | 3180 ||| READING scroll labelled XUYRPH HIQOSMO.
  3180 | Ossuary  | Identified a scroll of acquirement
  3180 | Ossuary  | 3180 ||| ACQUIRING +2 buckler of Ruun {+Blink rPois rF-
                  | Int+2}
  3180 | Ossuary  | Acquired the +2 buckler of Ruun {+Blink rPois rF- Int+2}
  3182 | Ossuary  | 3182 ||| DRINKING 2 fuming dark potions.
  3183 | Ossuary  | 3183 ||| DRINKING 2 fizzy pink potions.
  3184 | Ossuary  | 3184 ||| DROPPING potion of degeneration.
  3193 | D:4      | 3193 ||| PLANNING D:1-11
  3386 | D:4      | 3386 ||| Stepping ~*~*~tactically~*~*~ (stealth).
  3393 | D:4      | HP: 4/38 [ogre/+0 giant club (16)]
  3394 | D:4      | 3394 ||| READING scroll of teleportation.
  3395 | D:4      | HP: 1/38 [ogre/+0 giant club (6)]
  3398 | D:4      | Reached XP level 7. HP: 4/43 MP: 7/7
  3693 | D:4      | 3693 ||| READING scroll labelled TICIOT HEOTHRU.
  3724 | D:5      | Entered Level 5 of the Dungeon
  3745 | D:5      | 3745 ||| STAIRDANCE
  3791 | D:5      | Reached skill level 7 in Axes
  3794 | D:5      | 3794 ||| Stepping ~*~*~tactically~*~*~ (stealth).
  3795 | D:5      | 3795 ||| Stepping ~*~*~tactically~*~*~ (stealth).
  3797 | D:5      | 3797 ||| Stepping ~*~*~tactically~*~*~ (stealth).
  3798 | D:5      | 3798 ||| Stepping ~*~*~tactically~*~*~ (stealth).
  3799 | D:5      | 3799 ||| Stepping ~*~*~tactically~*~*~ (stealth).
  3887 | D:5      | Reached skill level 1 in Dodging
  3944 | D:5      | Found an iron altar of Okawaru.
  3945 | D:5      | 3945 ||| PLANNING OKAWARU WORSHIP
  3945 | D:5      | 3945 ||| DRINKING 2 bubbling pink potions.
  3946 | D:5      | 3946 ||| DROPPING potion of berserk rage.
  3950 | D:5      | Found an opulent altar of Gozag.
  3966 | D:5      | Became a worshipper of Warmaster Okawaru
  3967 | D:5      | 3967 ||| PLANNING D:1-11
  4338 | D:5      | 4338 ||| READING 2 scrolls of identify.
  4338 | D:5      | 4338 ||| IDENTIFYING bubbling green potion
  4352 | D:6      | Noticed Pikel
  4358 | D:6      | 4358 ||| STAIRDANCE
  4370 | D:5      | Killed Pikel
  4370 | D:5      | Reached * piety under Okawaru
  4371 | D:5      | Reached skill level 6 in Armour
  4371 | D:5      | Reached XP level 8. HP: 21/49 MP: 8/8
  4430 | D:6      | Reached skill level 1 in Invocations
  4468 | D:6      | 4468 ||| INVOKING Heroism.
  4619 | D:6      | 4619 ||| DROPPING +0 morningstar.
  4620 | D:6      | 4620 ||| DROPPING +1 flail of holy wrath.
  4706 | D:6      | Found a hide-covered altar of Uskayaw.
  4725 | D:6      | Found a blossoming altar of Fedhas.
  4793 | D:6      | Reached ** piety under Okawaru
  4836 | D:6      | Reached skill level 3 in Invocations
  4855 | D:6      | 4855 ||| READING scroll labelled VIEGHY DOIWK.
  4856 | D:6      | 4856 ||| READING 2 scrolls of identify.
  4856 | D:6      | 4856 ||| IDENTIFYING smoky yellow potion
  4908 | D:7      | Reached XP level 9. HP: 54/54 MP: 11/11
  4922 | D:7      | 4922 ||| INVOKING Heroism.
  4934 | D:7      | Reached skill level 1 in Throwing
  4938 | D:7      | 4938 ||| Stepping ~*~*~tactically~*~*~ (stealth).
  4951 | D:7      | Noticed Duvessa
  4952 | D:7      | 4952 ||| Stepping ~*~*~tactically~*~*~ (stealth).
  4953 | D:7      | 4953 ||| INVOKING Heroism.
  4959 | D:7      | Noticed Dowan
  4960 | D:7      | Killed Duvessa
  4961 | D:7      | Reached skill level 8 in Axes
  4965 | D:7      | Killed Dowan
  4991 | D:7      | 4991 ||| Stepping ~*~*~tactically~*~*~ (stealth).
  5147 | D:7      | 5147 ||| Stepping ~*~*~tactically~*~*~ (stealth).
  5198 | D:7      | 5198 ||| Stepping ~*~*~tactically~*~*~ (stealth).
  5199 | D:7      | 5199 ||| Stepping ~*~*~tactically~*~*~ (stealth).
  5205 | D:7      | Noticed Joseph
  5217 | D:7      | Paralysed by Joseph for 4 turns
  5223 | D:7      | Killed Joseph
  5223 | D:7      | Reached *** piety under Okawaru
  5330 | D:7      | Found a shimmering blue altar of Sif Muna.
  5363 | D:7      | 5363 ||| Stepping ~*~*~tactically~*~*~ (stealth).
  5364 | D:7      | 5364 ||| Stepping ~*~*~tactically~*~*~ (stealth).
  5366 | D:7      | 5366 ||| Stepping ~*~*~tactically~*~*~ (hiding).
  5415 | D:7      | Found a staircase to the Ecumenical Temple.
  5539 | D:7      | Noticed Maggie
  5540 | D:7      | 5540 ||| Stepping ~*~*~tactically~*~*~ (hiding).
  5557 | D:7      | Killed Maggie
  5598 | D:7      | Noticed a hornet
  5605 | D:7      | 5605 ||| INVOKING Heroism.
  5611 | D:7      | Killed a hornet
  5612 | D:7      | Reached skill level 9 in Axes
  5628 | D:7      | Noticed a hornet
  5636 | D:7      | Killed a hornet
  5644 | D:7      | 5644 ||| INVOKING Heroism.
  5649 | D:7      | Reached XP level 10. HP: 63/63 MP: 10/13
  5687 | D:7      | Noticed a brown ugly thing
  5707 | D:7      | Killed a brown ugly thing
  5708 | D:7      | Reached skill level 10 in Axes
  5957 | D:7      | 5957 ||| UPGRADING to +0 pair of boots.
  5962 | D:7      | 5962 ||| UPGRADING to +0 pair of gloves.
  5967 | D:7      | 5967 ||| UPGRADING to +6 ring of strength.
  5968 | D:7      | 5968 ||| READING scroll labelled VAERIFEMIG.
  5969 | D:7      | 5969 ||| READING 2 scrolls of identify.
  5969 | D:7      | 5969 ||| IDENTIFYING sapphire potion
  6151 | D:8      | 6151 ||| INVOKING Heroism.
  6160 | D:8      | Slain by a very large slime creature

Levels and vault maps discovered:
D:1:      dpeg_arrival_snail, layout_basic, minmay_misc_feat_secret_circle
D:2:      layout_basic, basic_altar
D:3:      layout_loops_ring, evilmike_ruin_ashenzari,
          ebering_dispersal_statue_hall, st_stairs_11
D:4:      layout_loops_ring, gup_ossuary_entry_pyramid,
          chequers_decorated_corner, amcnicky_mini_pool_small
D:5:      layout_cave_pools, chequers_temple_overflow_statue_of_worship,
          dk_vineyard_1, dreamdust_wishing_well
D:6:      layout_gridville, fedhas_altar_3, mainiacjoe_overflow_small_starburst,
          uniq_pikel
D:7:      minmay_chambers_of_sixes, layout_loops_cross, lemuel_doored_altar,
          minmay_temple_entry_wispy, serial_glass, glass_columns_a,
          glass_columns_a, kennysheep_nondescript, kennysheep_generic_room_8,
          uniq_maggie, uniq_duvessa, uniq_joseph
D:8:      layout_basic, serial_shops, shop, enter_bailey_2,
          nicolae_shop_firing_range, uniq_erica

Skill      XL: |  1  2  3  4  5  6  7  8  9 10 |
---------------+-------------------------------+-----
Axes           | 2 3 4 5 6 7 9 10 | 10.1
Fighting       | 4 5 7 |  7.6
Dodging        | 1 |  1.2
Armour         | 6 |  6.4
Invocations    | 3 4 |  4.1
Throwing       | 1 |  1.3
Shields        | 4 |  4.5

Action                     |  1- 3 |  4- 6 |  7- 9 | 10-12 || total
---------------------------+-------+-------+-------+-------++-------
  Melee: War axe           |    81 |   205 |   254 |    62 ||   602
  Throw: Boomerang         |       |       |    17 |     3 ||    20
 Invoke: Heroism           |       |       |     5 |     1 ||     6
    Use: Scroll            |     4 |     9 |     4 |     2 ||    19
         Potion            |       |     5 |     1 |       ||     6
 Armour: Scale mail        |    31 |    57 |       |       ||    88
         Plate armour      |       |    39 |   167 |    37 ||   243
  Dodge: Dodged            |    43 |    73 |    77 |    23 ||   216
  Block: Buckler           |    11 |    35 |    52 |    15 ||   113

Table legend:
 A = Non-vault XP
 B = Vault XP
 C = Vault XP percentage of total XP
 D = Non-vault monster count
 E = Vault monster count
 F = Vault count percentage of total count
                 A         B        C        D         E       F
            +---------+---------+-------+---------+---------+-------
      Total |    2547 |    3320 |  56.6 |     123 |      38 |  23.6
            +---------+---------+-------+---------+---------+-------
        D:1 |      36 |       0 |   0.0 |      16 |       0 |   0.0
        D:2 |      59 |       0 |   0.0 |      22 |       0 |   0.0
        D:3 |      86 |       3 |   3.4 |      14 |       3 |  17.6
        D:4 |     347 |      18 |   4.9 |      21 |       1 |   4.5
        D:5 |     464 |     629 |  57.5 |      12 |       1 |   7.7
        D:6 |     463 |       0 |   0.0 |      11 |       0 |   0.0
        D:7 |     712 |    2516 |  77.9 |      21 |      10 |  32.3
        D:8 |     380 |       0 |   0.0 |       6 |       0 |   0.0
    Ossuary |       0 |     154 | 100.0 |       0 |      23 | 100.0
            +---------+---------+-------+---------+---------+-------
